 Dungeon Crawl Stone Soup version 5.4-101-gcf516dc (webtiles) character file.

39 Aquagirl the Chopper (level 4, -5/40 HPs)
             Began as a Naga Torpor Knight on Mar 10, 2018.
             Was a Priest of Cheibriados.
             Slain by a gnoll
             ... wielding a +0 halberd
              (7 damage)
             ... on level 3 of the Dungeon.
             The game lasted 00:02:30 (1849 turns).

Aquagirl the Chopper (Naga Torpor Knight)           Turns: 1849, Time: 00:02:30

Health: -5/40      AC:  8 (39%)Str: 20  XL:     4   Next: 40%
Magic:  6/6        EV:  4    Int: 19    God:    Cheibriados [3*[77]]
Gold:   228        SH:  0    Dex: 17    Spells: 3/3 levels left

rFire    . . .     SeeInvis +   f - +0 hand axe (chop)
rCold    . . .     Faith    .   (no shield)
rNeg     . . .     Spirit   .   b - +0 plate armour {ponderous}
rPois    +         Reflect  .   (no helmet)
rElec    .                      i - +0 cloak
rCorr    .                      (no gloves)
MR       .....                  (no barding)
Stlth    ..........             (no amulet)
Regen    0.2/turn               (no ring)
MPRegen  0.2/turn               (no ring)

@: very slow
A: see invisible, deformed body, poison resistance, slowness 2, spit poison 1,
AC +1
a: Spit Poison, Bend Time, Temporal Distortion, Renounce Religion


You were on level 3 of the Dungeon.
You worshipped Cheibriados.
Cheibriados was most pleased with you.
You were not hungry.

You visited 1 branch of the dungeon, and saw 3 of its levels.

You collected 228 gold pieces.

Inventory:

Hand Weapons
 a - a +0 hand axe
 f - a +0 hand axe of chopping (weapon)
Missiles
 c - 576 stones (quivered)
 g - 164 tomahawks
 j - 85 poisoned darts
Armour
 b - a +0 plate armour of ponderousness (worn)
 i - a +0 cloak (worn)
Scrolls
 d - a scroll of magic mapping
 e - a scroll of amnesia
 h - 4 scrolls of enchant weapon
 l - a scroll of enchant armour
 m - 2 scrolls of fear
Potions
 k - 2 potions of haste
 n - a potion of heal wounds


   Skills:
 + Level 2.8 Fighting
 + Level 3.1 Axes
 + Level 1.9 Armour
 + Level 1.2 Dodging
 + Level 2.2 Stealth
 + Level 3.0 Invocations


You had 3 spell levels left.
You didn't know any spells.

Dungeon Overview and Level Annotations

Branches:
Dungeon (3/15)

Altars:
Jiyva
Qazlal
Yredelemnul


Innate Abilities, Weirdness & Mutations

You cannot wear boots.
Your serpentine skin is tough. (AC +1)
You have supernaturally acute eyesight. (SInv)
Armour fits poorly on your strangely shaped body.
Your system is resistant to poisons. (rPois)
You cover ground very slowly.
You can spit poison.


Message History

The gnoll hits you with a +0 halberd (9)!
* * * LOW HITPOINT WARNING * * *
There are monsters nearby!
You are too injured to fight recklessly!
There are monsters nearby!
You are too injured to fight recklessly!
You are too injured to fight recklessly!
The flow of time bends around you.
Cheibriados rebukes the gnoll.
The gnoll seems to slow down.
The gnoll hits you but does no damage. The gnoll barely misses you.
The gnoll hits you from afar with a +0 spear (4).
* * * LOW HITPOINT WARNING * * *
The gnoll completely misses you. The gnoll hits you but does no damage.
The gnoll hits you but does no damage.
The gnoll hits you from afar with a +0 halberd (8)!
* * * LOW HITPOINT WARNING * * *
The gnoll is no longer moving slowly.
The gnoll hits you from afar with a +0 halberd (7)!
You die...

#.#.....# #..# ##.##
#.#.###.# #..# #.#####
#.#.###.###..#####.....#
.......#..........####.#
..#..........####.#
##.####.####.# #.# # #.#
#.# #.# #.###.####.##
#.# #....@......# #.#
#..###.#####.# #.# ..
##g# .# #.# ##gg####...
#..g.(..... ##...###..#
#.#.# #. .# .. .#


You could see 4 gnolls.

Vanquished Creatures
  3 adders
  3 dart slugs
  4 quokkas
  3 giant cockroaches
  4 goblins
  4 hobgoblins
  7 bats
  8 frilled lizards
  3 kobolds
  9 rats
48 creatures vanquished.

Notes
Turn   | Place    | Note
-------+----------+-------------------------------------------
     0 | D:1      | Aquagirl the Naga Torpor Knight began the quest for the Orb.
     0 | D:1      | Reached XP level 1. HP: 19/19 MP: 2/2
    28 | D:1      | Reached skill level 1 in Dodging
   121 | D:1      | Reached XP level 2. HP: 25/26 MP: 3/3
   301 | D:1      | Reached ** piety under Cheibriados
   587 | D:1      | Reached skill level 1 in Stealth
   596 | D:1      | Reached XP level 3. HP: 26/33 MP: 4/4
  1135 | D:2      | Found a basalt altar of Yredelemnul.
  1147 | D:2      | Found a stormy altar of Qazlal.
  1244 | D:2      | Found a viscous altar of Jiyva.
  1470 | D:2      | Reached *** piety under Cheibriados
  1506 | D:2      | Found a faded altar of an unknown god.
  1537 | D:2      | Reached XP level 4. HP: 33/40 MP: 6/6
  1848 | D:3      | HP: 1/40 [gnoll/+0 halberd (8)]
  1849 | D:3      | Slain by a gnoll

Skill      XL: |  1  2  3  4 |
---------------+-------------+-----
Dodging        | 1 |  1.2
Stealth        | 1 2 |  2.2
Invocations    | 3 |  3.0
Fighting       | |  2.8
Axes           | |  3.1
Armour         | |  1.9

Action                   |  1- 3 |  4- 6 || total
-------------------------+-------+-------++-------
Melee: Hand axe          |   173 |    22 ||   195
Invok: Bend Time         |       |     1 ||     1
Armor: Plate armour      |   180 |    31 ||   211
Dodge: Dodged            |    37 |     6 ||    43
